 Dungeon Crawl Stone Soup version bcrawl-1.12.1 (webtiles) character file.

Game seed: 7842560971673743149

10 Groucho the Ducker (level 2, -1/16 HPs)
             Began as a Felid Berserker on July 14, 2019.
             Was a Follower of Trog.
             Killed from afar by a dart slug (5 damage)
             ... with a slug dart
             ... on level 1 of the Dungeon.
             The game lasted 00:00:46 (151 turns).

Groucho the Ducker (Felid Berserker)                 Turns: 151, Time: 00:00:47

Health: -1/16      AC:  1    Str: 13    XL:     2   Next: 20%
Magic:  3/3        EV: 19    Int:  8    God:    Trog [*.....]
Gold:   44         SH:  0    Dex: 15    Spells: 1/1 levels left
                                        Lives:  0   Deaths: 0

rFire    . . .     SeeInvis +     - Unarmed
rCold    . . .     Gourm    .   (shield unavailable)
rNeg     . . .     Faith    .   (armour unavailable)
rPois    .         Spirit   .   (helmet unavailable)
rElec    .         Reflect  .   (cloak restricted)
rCorr    .         Harm     .   (gloves unavailable)
MR       .....                  (boots unavailable)
Stlth    ++........             (no amulet)
HPRegen  0.05/turn              (no ring)
MPRegen  0.08/turn              (no ring)

@: quick
A: very small, no armour, no weapons or thrown items, stealth, claws 1, fangs 3,
see invisible, carnivore, speed 1, shaggy fur 1, slow metabolism 1, sharp paws
a: Berserk, Renounce Religion


You were on level 1 of the Dungeon.
You worshipped Trog.
Trog was aware of your devotion.
You were not hungry.

You visited 1 branch of the dungeon, and saw 1 of its levels.

You collected 44 gold pieces.

Inventory:

Scrolls
 b - a scroll of amnesia {unknown}
Comestibles
 a - a ration {!d}


   Skills:
 - Level 3.0 Fighting
 - Level 4.1 Dodging
 + Level 2.1 Stealth
 - Level 3.7 Unarmed Combat


You had one spell level left.
You didn't know any spells.
Your spell library was empty.

Dungeon Overview and Level Annotations

Branches:
Dungeon (1/12)

Altars:


Innate Abilities, Weirdness & Mutations

You cannot wear almost all types of armour.
You are incapable of wielding weapons or throwing items.
Your paws allow you to move quietly. (Stealth)
You have sharp claws.
You have razor-sharp teeth.
You have supernaturally acute eyesight. (SInv)
You are carnivorous and can eat meat at any time.
You cover ground quickly.
You are covered in fur. (AC +1)
You have a slow metabolism.
Your sharp claws are effective at attacking unaware monsters.


Message History

You are too injured to fight recklessly!
You are too injured to fight recklessly!
You barely miss the frilled lizard. The hobgoblin hits you with a +0 club.
The frilled lizard bites you.
* * * LOW HITPOINT WARNING * * *
You are too injured to fight recklessly!
You closely miss the hobgoblin.
The hobgoblin is almost dead.
The hobgoblin barely misses you.
You claw the hobgoblin!
You kill the hobgoblin!
Trog accepts your kill.
You closely miss the frilled lizard. The frilled lizard barely misses you.
You closely miss the frilled lizard. Your bite misses the frilled lizard.
You scratch the frilled lizard.
You kill the frilled lizard!
Trog accepts your kill. The dart slug launches a dart at you.
The slug dart hits you!
You die...

#. #.# #.# .
#######.#### ..
...........##..w ..≈.≈≈≈
#>.....)...w.. .....≈≈≈.
#........†.# ...≈≈≈≈≈
#..........# .....≈≈≈
######@##### ...≈≈≈≈.
#..........#####.....≈≈
##..........##.....≈.≈≈.
............##.......≈≈≈
########...........≈≈≈≈.
# #
#........#.....†.≈.≈≈.
## #.#
#####.######.......≈≈.
≈######.########.##
#...(..#≈≈#
≈≈#≈..≈..≈≈...≈...#
###..### ≈#


You could see a dart slug.

Vanquished Creatures
  2 hobgoblins (D:1)
  2 bats (D:1)
  4 frilled lizards (D:1)
  2 kobolds (D:1)
  3 rats (D:1)
13 creatures vanquished.

Notes
Turn   | Place    | Note
-------+----------+-------------------------------------------
     0 | D:1      | Groucho the Felid Berserker began the quest for the Orb.
     0 | D:1      | Reached XP level 1. HP: 12/12 MP: 2/2
    53 | D:1      | Reached skill level 1 in Stealth
   105 | D:1      | Reached XP level 2. HP: 16/16 MP: 3/3
   151 | D:1      | Killed from afar by a dart slug

Skill      XL: |  1  2 |
---------------+-------+-----
Stealth        | 1 2 |  2.1
Fighting       | |  3.0
Dodging        | |  4.1
Unarmed Combat | |  3.7

Action                   || total
-------------------------++-------
Melee: Unarmed           ||    26
       Bite              ||     2
 Stab: Sleeping          ||     2
Armor: Skin              ||     4
Dodge: Dodged            ||    15
